 Dungeon Crawl Stone Soup version 0.17-a0-1150-g17b0b87 (webtiles) character file.

9408 Fluffy the Eye of the Storm (level 11, -1/89 HPs)
             Began as a Demonspawn Gladiator on May 26, 2015.
             Was a Priest of Qazlal.
             Slain by Snorg (19 damage)
             ... on level 10 of the Dungeon on May 27, 2015.
             The game lasted 00:42:20 (8866 turns).

Fluffy the Eye of the Storm (Demonspawn Gladiator)  Turns: 8866, Time: 00:42:21

Health: -1/89      AC: 27    Str: 19    XL:     11   Next: 22%
Magic:  19/19      EV:  6    Int:  9    God:    Qazlal [***...]
Gold:   609        SH:  4    Dex: 14    Spells: 0 memorised, 10 levels left

rFire  + . .     SeeInvis .     v - +0 great sword
rCold  x . .     Clarity  .     c - +3 crystal plate armour
rNeg   + . .     SustAt   .     (no shield)
rPois  +         Gourm    .     y - +2 hat
rElec  .         Spirit   .     a - +1 cloak {rPois}
rCorr  .         Warding  .     t - +0 pair of gloves
rMut   .         Stasis   .     (no boots)
MR     .....                    m - amulet of regeneration
Stlth  ..........               r - ring of fire
                                D - ring of positive energy

@: very slightly contaminated, invisible, not resistant to hostile enchantments,
extremely unstealthy
A: talons 2, repulsion field 1, nightstalker 2, powered by death 1
a: Upheaval, Elemental Force, Renounce Religion


You were on level 10 of the Dungeon.
You worshipped Qazlal.
Qazlal was most pleased with you.
You were not hungry.

You visited 1 branch of the dungeon, and saw 12 of its levels.
You also visited: Sewer.

You collected 609 gold pieces.

Inventory:

Hand weapons
 v - a +0 great sword (weapon)
Missiles
 d - a throwing net (quivered)
 q - a javelin
Armour
 a - a +1 cloak of poison resistance (worn)
 c - a +3 crystal plate armour (worn)
 t - a +0 pair of gloves (worn)
 y - a +2 hat (worn)
Jewellery
 m - an amulet of regeneration (around neck)
 n - an uncursed ring of magical power
 r - a ring of fire (right hand)
 s - an uncursed ring of sustain attributes
 u - an uncursed amulet of resist corrosion
 D - a ring of positive energy (left hand)
 E - an uncursed amulet of clarity
Magical devices
 k - a wand of fire (5)
 w - a wand of flame (21)
 A - a wand of magic darts (40)
 C - a wand of magic darts (22)
 F - a wand of digging (9)
Scrolls
 f - 5 scrolls of remove curse
 p - 2 scrolls of teleportation
Potions
 g - 2 potions of invisibility
 h - a potion of resistance
 j - 2 potions of brilliance
 l - 2 potions of mutation
 x - 6 potions of flight
 z - a potion of cure mutation
 B - a potion of curing {unknown}
 G - a potion of magic {unknown}
Comestibles
 b - 5 royal jellies
 e - 10 bread rations
 i - 5 meat rations
 o - 6 fruits


   Skills:
 + Level 9.3 Fighting
 + Level 8.5 Long Blades
 - Level 1.7 Throwing
 + Level 8.1 Armour
 - Level 3.0 Dodging
 + Level 10.9 Invocations


You had 10 spell levels left.
You didn't know any spells.

Dungeon Overview and Level Annotations

Branches:
Dungeon (12/15)            Temple (0/1) D:5            Lair (0/8) D:8
    Orc (0/4) D:9

Altars:
Dithmenos
Elyvilon
Okawaru
Qazlal
Ru
Trog
Vehumet
Xom
Zin
The Shining One

Shops:
D:5 %   D:7 (%

Annotations:
D:10 Snorg


Innate Abilities, Weirdness & Mutations

You have razor-sharp toenails.
You are surrounded by a mild repulsion field (EV +2).
You are significantly more attuned to the shadows.
You can steal the life force of nearby defeated enemies.


Message History

* * * LOW HITPOINT WARNING * * *
Snorg claws you but does no damage.
Drink which item? (? for menu, Esc to quit)
You fade into invisibility!
Snorg closely misses you. Snorg claws you but does no damage.
Snorg claws you but does no damage.
You are very lightly contaminated with residual magic.
Snorg barely misses you. Snorg claws you but does no damage.
Snorg closely misses you.
Your crystal plate armour prevents you from hitting Snorg.
Snorg is moderately wounded.
You block Snorg's attack. Snorg claws you but does no damage. Snorg claws you!
* * * LOW HITPOINT WARNING * * *
Snorg bites you but does no damage. Snorg barely misses you.
Snorg claws you but does no damage.
You completely miss Snorg. You claw Snorg.
Snorg is moderately wounded.
Snorg barely misses you. x2
You block Snorg's attack. Snorg bites you!!
You die...

... #'# .# #.# .# ##.#
##.# #..# #(. #####'###
#.# ...(.>..# ###'#####
### ........# #.T..)[.#
#.. ........#
#@###.#[###### #..
........# #...#.#.'....#
#.. ........#
#######.#.#.####.###..
.....[..####...'.#.#(#.#
#...#..
........'....###)#.#(#(#
###.'.. .>......######
#...#...# ###..
#'####### ####'######
#<. #.# #....# ### #.#
###'##### ####..


You could see Snorg (berserk).

Vanquished Creatures
  A hydra (D:8)
  Urug (D:10)
  The ghost of Xoff the Conjurer, an experienced OpCj of Vehumet (D:7)
  Pikel (D:7)
  A hill giant (D:10)
  Maurice (D:10)
  A cyclops (D:12)
  A kobold demonologist (D:6)
  5 yaks (D:12)
  2 hippogriffs
  A wyvern (D:9)
  An orc warrior (D:9)
  A sky beast (D:8)
  An eye of draining (D:9)
  An ice beast (D:8)
  4 centaurs
  8 ogres
  2 necrophages
  2 phantoms
  The ghost of Lugonue the Firebug, an average TeFE (D:3)
  5 giant frogs
  A scorpion (D:7)
  9 wights
  4 killer bees (D:9)
  A jelly (D:9)
  3 hounds
  2 gnoll shamans
  4 orc wizards
  5 orc priests
  2 centaur zombies
  3 crimson imps
  A giant frog skeleton (D:10)
  3 centaur skeletons
  A quasit (D:12)
  5 iguanas
  6 worker ants
  2 hound zombies
  11 gnolls
  12 adders
  3 shadow imps (D:8)
  4 oozes (Sewer)
  An adder skeleton (D:8)
  4 worms
  8 giant geckos
  32 orcs
  4 ball pythons
  23 bats
  10 hobgoblins
  12 jackals
  9 giant cockroaches
  7 giant newts
  13 goblins
  A jackal skeleton (D:5)
  12 kobolds
  2 quokkas
  7 rats
269 creatures vanquished.

Vanquished Creatures (others)
  Joseph (D:7)
  A bat (D:7)
2 creatures vanquished.

Grand Total: 271 creatures vanquished

Notes
Turn   | Place    | Note
--------------------------------------------------------------
     0 | D:1      | Fluffy the Demonspawn Gladiator began the quest for the Orb.
     0 | D:1      | Reached XP level 1. HP: 16/16 MP: 1/1
   269 | D:1      | Reached skill level 3 in Dodging
   275 | D:1      | Gained mutation: You can steal the life force of nearby defeated enemies. [demonic ancestry]
   275 | D:1      | Reached XP level 2. HP: 20/22 MP: 2/2
   367 | D:1      | Upgraded the game from 0.17-a0-1141-g3e25b61 to 0.17-a0-1150-g17b0b87
   915 | D:2      | Reached XP level 3. HP: 24/28 MP: 3/3
  1048 | D:2      | Reached skill level 1 in Armour
  1403 | D:3      | Found a radiant altar of Vehumet.
  1429 | D:3      | Reached XP level 4. HP: 13/35 MP: 4/4
  1477 | D:3      | Noticed Lugonue's ghost (average TeFE)
  1728 | D:3      | Found a stormy altar of Qazlal.
  1736 | D:3      | Became a worshipper of Qazlal Stormbringer
  1981 | D:3      | Killed Lugonue's ghost
  1981 | D:3      | Reached skill level 1 in Invocations
  1981 | D:3      | Gained mutation: You have sharp toenails. [demonic ancestry]
  1981 | D:3      | Reached XP level 5. HP: 31/41 MP: 4/6
  3099 | D:5      | Entered Level 5 of the Dungeon
  3129 | D:5      | Gained mutation: You are surrounded by a mild repulsion field (EV +2). [demonic ancestry]
  3129 | D:5      | Reached XP level 6. HP: 28/48 MP: 7/7
  3207 | D:5      | Reached skill level 4 in Fighting
  3254 | D:5      | Found a staircase to the Ecumenical Temple.
  3303 | D:5      | Noticed a centaur
  3324 | D:5      | Killed a centaur
  3357 | D:5      | Found a sacrificial altar of Ru.
  3375 | D:5      | Gained mutation: You are slightly more attuned to the shadows. [demonic ancestry]
  3375 | D:5      | Reached XP level 7. HP: 52/55 MP: 9/9
  3444 | D:5      | Acquired Qazlal's first power
  3488 | D:5      | Noticed a centaur
  3497 | D:5      | Killed a centaur
  3502 | D:5      | Found Zaoshray's Food Shop.
  3552 | D:5      | Noticed an ogre
  3565 | D:5      | Killed an ogre
  3932 | D:6      | Found a glowing drain.
  3983 | Sewer    | Entered a sewer
  3990 | Sewer    | Reached skill level 5 in Fighting
  4388 | Sewer    | Acquired Qazlal's second power
  4619 | D:6      | Noticed a kobold demonologist
  4637 | D:6      | Noticed a soul eater
  4650 | D:6      | Noticed an orange demon
  4653 | D:6      | Killed a kobold demonologist
  4653 | D:6      | Reached skill level 5 in Long Blades
  4653 | D:6      | Reached skill level 5 in Invocations
  4653 | D:6      | Gained mutation: You are significantly more attuned to the shadows. [demonic ancestry]
  4653 | D:6      | Reached XP level 8. HP: 63/63 MP: 10/12
  4718 | D:6      | Found an iron altar of Okawaru.
  4720 | D:6      | Found a shadowy altar of Dithmenos.
  4740 | D:6      | Found a glowing silver altar of Zin.
  4741 | D:6      | Found a white marble altar of Elyvilon.
  4742 | D:6      | Found a shimmering altar of Xom.
  4781 | D:6      | Identified a scroll of acquirement
  5052 | D:6      | Found a bloodstained altar of Trog.
  5336 | D:7      | Reached skill level 6 in Invocations
  5411 | D:7      | Noticed Xoff's ghost (experienced OpCj)
  5443 | D:7      | Killed Xoff's ghost
  5443 | D:7      | Reached skill level 5 in Armour
  5443 | D:7      | Reached skill level 7 in Invocations
  5443 | D:7      | Reached XP level 9. HP: 48/71 MP: 11/14
  5494 | D:7      | Noticed Joseph
  5496 | D:7      | Found Furapp's Weapon Emporium.
  5499 | D:7      | Found Ratanono's Food Shop.
  5499 | D:7      | Noticed Pikel
  5546 | D:7      | Killed Pikel
  5552 | D:7      | Killed Joseph
  6039 | D:8      | Noticed a four-headed hydra
  6046 | D:8      | Killed a four-headed hydra
  6046 | D:8      | Reached skill level 8 in Invocations
  6284 | D:8      | Got an ancient robe
  6295 | D:8      | Identified the +1 robe "Xalaf" {Slay+2} (You found it on level 8 of the Dungeon)
  6510 | D:8      | Gained mutation: You have razor-sharp toenails. [demonic ancestry]
  6510 | D:8      | Reached XP level 10. HP: 70/80 MP: 16/16
  6560 | D:8      | Found a staircase to the Lair.
  6726 | D:8      | Reached skill level 9 in Invocations
  7135 | D:9      | Acquired Qazlal's third power
  7351 | D:9      | Found a staircase to the Orcish Mines.
  7389 | D:9      | Found a glowing golden altar of the Shining One.
  7959 | D:10     | Entered Level 10 of the Dungeon
  7977 | D:10     | Noticed a hill giant
  7983 | D:10     | Killed a hill giant
  7983 | D:10     | Reached skill level 10 in Invocations
  8100 | D:10     | Got a shimmering leather armour
  8278 | D:10     | Noticed Maurice
  8284 | D:10     | Noticed Urug
  8307 | D:10     | Killed Maurice
  8316 | D:10     | Killed Urug
  8317 | D:10     | You fall through a shaft for 2 floors!
  8324 | D:12     | Got a jewelled scale mail
  8345 | D:12     | Noticed a cyclops
  8362 | D:12     | Reached XP level 11. HP: 36/89 MP: 14/18
  8389 | D:12     | Killed a cyclops
  8600 | D:10     | Identified the +2 scale mail of the Gardener {Int+2} (You found it on level 12 of the Dungeon)
  8610 | D:10     | Identified the +1 leather armour of the Orb {rPois Str+4 Int+2 Stlth-} (You found it on level 10 of the Dungeon)
  8658 | D:10     | Noticed Snorg
  8866 | D:10     | Slain by Snorg

Vault maps used:
D:1:      co_arrival_hall_of_pillars
D:2:      minivault_23
D:3:      old_standard_altar, lemuel_coloured_pillars_altar, first_bread,
          minmay_misc_feat_four_crosses, kennysheep_generic_room_12
D:4:      kennysheep_big_empty_room, minmay_cupped
D:5:      temple_fountains, serial_shops, shop,
          nicolae_ru_great_annihilating_truth
D:6:      nicolae_overflow_hidden_temple, gup_sewer_entry_glass,
          kennysheep_cross_bottleneck, minmay_misc_feat_more_columns, trog_book
D:7:      serial_shops, shop, shop, uniq_pikel, uniq_joseph
D:8:      lair_0_dummy
D:9:      orc_0_dummy, basic_altar
D:10:     hangedman_fish_farm, uniq_snorg, uniq_erica, uniq_urug, uniq_maurice
D:11:     hangedman_abyss_or_decor_stagger
D:12:     enter_bailey_3, uniq_harold, uniq_frances
Sewer:    sewer_fruit_machine

Action                   |  1- 3 |  4- 6 |  7- 9 | 10-12 || total
-------------------------+-------+-------+-------+-------++-------
Melee: Long sword        |   159 |   224 |   455 |    34 ||   872
       Great sword       |       |       |       |   379 ||   379
Throw: Throwing net      |       |       |       |     3 ||     3
Invok: Upheaval          |       |       |     3 |     3 ||     6
Evoke: Wand              |       |       |     6 |     5 ||    11
  Use: Scroll            |       |    11 |     9 |     8 ||    28
       Potion            |       |     2 |       |     2 ||     4
 Stab: Paralysed         |       |       |     1 |       ||     1
       Distracted        |       |       |     1 |       ||     1
  Eat: Chunk             |    12 |     6 |     5 |    11 ||    34
       Pizza             |       |       |     1 |       ||     1
